 Dungeon Crawl Stone Soup version 0.22.0-49-gab54619674 (webtiles) character file.

56 AlolanVulpixel the Skirmisher (level 3, 0/33 HPs)
             Began as a Hill Orc Fighter on Sept 4, 2018.
             Slain by a goblin
             ... wielding a +0 dagger
             ... led by Robin
              (2 damage)
             ... on level 2 of the Dungeon.
             The game lasted 00:03:21 (1166 turns).

AlolanVulpixel the Skirmisher (Hill Orc Fighter)    Turns: 1166, Time: 00:03:21

Health: 0/33       AC:  6    Str: 17 (19) XL:     3   Next: 95%
Magic:  3/3        EV:  7    Int:  6 (8)  God:
Gold:   40         SH:  9    Dex:  9 (10) Spells: 2/2 levels left

rFire    . . .     SeeInvis .   a - +0 trident
rCold    . . .     Gourm    .   c - +0 shield
rNeg     + . .     Faith    .   b - +0 scale mail
rPois    .         Spirit   .   (no helmet)
rElec    .         Reflect  .   (no cloak)
rCorr    .         Harm     .   (no gloves)
MR       .....                  (no boots)
Stlth    ..........             (no amulet)
HPRegen  0.11/turn              k - ring of positive energy
MPRegen  0.08/turn              (no ring)

@: no status effects
A: no striking features
a: no special abilities


You were on level 2 of the Dungeon.
You were not hungry.

You visited 1 branch of the dungeon, and saw 2 of its levels.

You collected 40 gold pieces.

Inventory:

Hand Weapons
 a - a +0 trident (weapon)
Armour
 b - a +0 scale mail (worn)
 c - a +0 shield (worn)
Jewellery
 k - a ring of positive energy (left hand)
Scrolls
 e - 4 scrolls of identify {unknown}
 g - a scroll of amnesia {unknown}
 i - a scroll of enchant weapon {unknown}
 m - a scroll of immolation {unknown}
 n - a scroll of enchant armour {unknown}
Potions
 d - a potion of might
 h - a potion of curing {unknown}
 j - a potion of berserk rage {unknown}
 l - a potion of degeneration
 o - a potion of ambrosia {unknown}
 p - a potion of flight {unknown}
Comestibles
 f - 4 rations


   Skills:
 + Level 4.1 Fighting
 + Level 3.0 Polearms
 + Level 3.5 Armour
 + Level 0.7 Dodging
 + Level 3.9 Shields


You had 2 spell levels left.
You didn't know any spells.
Your spell library was empty.

Dungeon Overview and Level Annotations

Branches:
Dungeon (2/15)

Altars:

Annotations:
D:2 Robin


Message History

Robin throws the goblin at you!
The goblin hits you but does no damage. x2
Robin says, "Duck!"
The goblin closely misses you.
You closely miss the goblin.
The goblin no longer looks unusually strong. x3
The goblin closely misses you.
Robin laughs in a distinctly smug fashion.
You block the goblin's attack.
You closely miss the goblin. The goblin hits you with a dagger.
* * * LOW HITPOINT WARNING * * *
You block the goblin's attack.
You puncture the goblin!
You kill the goblin!
You block the goblin's attack. Robin throws the goblin at you!
* * * LOW HITPOINT WARNING * * *
You block the goblin's attack. The goblin hits you but does no damage.
You hit the goblin.
The goblin is moderately wounded.
The goblin closely misses you. The goblin hits you with a dagger.
You die...

######## #......#
#......#
################†.....##
....>..g@gggg..).......##
........####..)#........#
.........# #...#......#.#
#.........# #g..#......#
#.........# #...#......#
#.........# #...#......#
.........# #...#......#
.........# #..........#
###.....# #..........#


You could see Robin, a hobgoblin and 3 goblins.

Vanquished Creatures
  A gnoll (D:2)
  A worm (D:2)
  2 leopard geckos
  5 bats
  A giant cockroach (D:2)
  5 hobgoblins (D:2)
  4 jackals
  4 kobolds
  2 quokkas (D:2)
  2 frilled lizards (D:1)
  6 goblins
  6 rats
39 creatures vanquished.

Notes
Turn   | Place    | Note
-------+----------+-------------------------------------------
     0 | D:1      | AlolanVulpixel the Hill Orc Fighter began the quest for the
                  | Orb.
     0 | D:1      | Reached XP level 1. HP: 19/19 MP: 1/1
   218 | D:1      | Reached XP level 2. HP: 27/27 MP: 2/2
   617 | D:2      | Reached skill level 4 in Fighting
   617 | D:2      | Reached XP level 3. HP: 28/33 MP: 3/3
  1120 | D:2      | Noticed Robin
  1166 | D:2      | Slain by a goblin

Skill      XL: |  1  2  3 |
---------------+----------+-----
Fighting       | 4 |  4.1
Polearms       | 3 |  3.0
Armour         | |  3.5
Dodging        | |  0.7
Shields        | |  3.9

Action                   || total
-------------------------++-------
Melee: Trident           ||   155
  Use: Potion            ||     1
  Eat: Ration            ||     1
Armor: Scale mail        ||    69
Dodge: Dodged            ||    36
Block: Shield            ||    62
